Map: Dusk Towers

Players

SpellSinger

  • Race: Protoss Protoss
  • League: Grandmaster

MythiC - Winner!

  • Race: Terran Terran
  • League: Grandmaster

VOD

Have the link to the VOD?

Description

Time

  • Played on: Dec. 24, 2015, 10:13 a.m.
  • Length: 13:43
Show
View Real Time Build Order
Export as new Build Order

SpellSinger Protoss 

Build Orders:  

Get SALT Encoding   

  12  0:02  Probe (Chrono Boost)  
  13  0:12  Probe (Chrono Boost)  
  14  0:19  Pylon  
  14  0:23  Probe (Chrono Boost)  
  15  0:37  Probe (Chrono Boost)  
  15  0:39  Gateway  
  16  0:48  Probe (Chrono Boost), Assimilator  
  17  0:58  Probe (Chrono Boost)  
  17  1:00  Assimilator  
  17  1:03  Pylon  
  18  1:09  Probe (Chrono Boost)  
  19  1:19  Probe (Chrono Boost)  
  20  1:27  Cybernetics Core  
  20  1:30  Probe (Chrono Boost)  
  21  1:47  Nexus  
  21  1:49  Probe (Chrono Boost)  
  23  2:04  Mothership Core (Chrono Boost)  
  24  2:08  Warp Gate  
  24  2:09  Adept  
  24  2:14  Pylon  
  26  2:22  Probe (Chrono Boost)  
  27  2:32  Probe (Chrono Boost)  
  28  2:42  Twilight Council  
  28  2:43  Probe (Chrono Boost)  
  29  2:48  Robotics Facility  
  29  2:53  Probe (Chrono Boost)  
  29  2:58  Adept  
  32  3:02  Probe (Chrono Boost)  
  32  3:04  Probe (Chrono Boost)  
  34  3:12  Resonating Glaives  
  35  3:13  Probe (Chrono Boost)  
  35  3:14  Probe (Chrono Boost)  
  36  3:23  Probe (Chrono Boost)  
  36  3:25  Probe (Chrono Boost)  
  38  3:34  Probe (Chrono Boost)  
  41  3:36  Warp Prism (Chrono Boost)  
  41  3:40  Gateway  
  41  3:42  Gateway  
  41  3:44  Probe (Chrono Boost)  
  41  3:48  Probe  
  43  3:53  Gateway  
  43  3:56  Probe  
  43  4:00  Probe  
  45  4:08  Probe  
  45  4:09  Pylon  
  46  4:11  Observer (Chrono Boost)  
  46  4:12  Probe  
  46  4:15  Assimilator  
  48  4:18  Pylon  
  48  4:20  Probe, Assimilator  
  50  4:24  Probe  
  50  4:29  Observer (Chrono Boost)  
  51  4:32  Probe  
  51  4:38  Adept x2  
  56  4:41  Probe  
  57  4:48  Observer (Chrono Boost), Adept  
  57  4:49  Adept  
  62  4:53  Robotics Bay  
  62  4:57  Probe  
  63  5:00  Adept x2  
  63  5:01  Probe  
  68  5:10  Adept  
  70  5:15  Blink  
  70  5:24  Pylon  
  70  5:25  Pylon, Nexus  
  70  5:42  Probe x2  
  72  5:47  Stalker x4  
  77  5:54  Probe x2  
  73  6:06  Probe x2  
  69  6:18  Probe x2  
  69  6:19  Colossus (Chrono Boost)  
  77  6:30  Probe x2  
  79  6:33  Pylon  
  79  6:34  Pylon, Sentry x2  
  79  6:35  Stalker  
  79  6:37  Stalker  
  87  6:40  Probe  
  87  6:42  Pylon  
  87  6:43  Probe  
  87  6:44  Probe  
  90  6:51  Probe  
  90  6:53  Extended Thermal Lance  
  91  6:55  Probe  
  91  6:57  Probe  
  93  7:01  Probe  
  93  7:05  Warp Prism (Chrono Boost)  
  93  7:07  Probe  
  97  7:09  Probe  
  97  7:12  Probe  
  99  7:19  Probe  
  99  7:21  Probe  
  99  7:22  Probe  
  101  7:23  Forge, Charge  
  101  7:24  Forge  
  101  7:26  Pylon  
  101  7:27  Assimilator  
  101  7:28  Dark Shrine  
  102  7:31  Probe  
  102  7:33  Probe x2  
  105  7:44  Colossus (Chrono Boost)  
  105  7:45  Zealot x3  
  105  7:46  Zealot  
  119  7:52  Assimilator  
  119  7:54  Pylon  
  119  7:58  Protoss Ground Weapons Level 1 (Chrono Boost), Protoss Ground Armor Level 1 (Chrono Boost)  
  119  8:11  Nexus  
  119  8:16  Photon Cannon  
  119  8:20  Photon Cannon  
  119  8:21  Pylon  
  119  8:28  Colossus  
  119  8:34  Gateway x2  
  119  8:36  Gateway  
  125  8:47  Stalker x3  
  125  8:48  Stalker  
  133  8:51  Probe x3  
  136  8:58  Pylon  
  136  9:03  Gateway  
  136  9:05  Gateway  
  136  9:14  Colossus  
  136  9:15  Templar Archives, Probe  
  137  9:18  Probe, Assimilator  
  137  9:23  Assimilator  
  144  9:26  Zealot  
  144  9:27  Zealot  
  144  9:29  Probe  
  144  9:30  Probe  
  145  9:34  Protoss Ground Weapons Level 2 (Chrono Boost)  
  144  9:42  Probe  
  145  9:55  Probe  
  145  9:59  Protoss Ground Armor Level 2 (Chrono Boost)  
  144  10:01  Psionic Storm  
  144  10:05  High Templar x3  
  144  10:06  Observer, High Templar  
  152  10:11  Probe  
  152  10:12  Probe x2  
  156  10:19  Photon Cannon  
  156  10:22  Photon Cannon  
  156  10:24  Photon Cannon, Stalker x3  
  162  10:33  Dark Templar x2  
  166  10:39  Dark Templar  
  166  10:40  Dark Templar  
  169  10:51  Stalker  
  169  10:56  Pylon  
  171  10:59  Pylon  
  171  11:00  Pylon  
  125  11:29  Zealot x2  
  125  11:30  Zealot x3  
  125  11:32  High Templar x4  
  111  11:57  Disruptor  
  101  12:03  Zealot x5  
  101  12:05  Zealot x4  
  116  12:11  Robotics Facility  
  116  12:12  Gateway  
  116  12:13  Gateway  
  114  12:16  Gateway  
  114  12:17  Gateway  
  112  12:25  Dark Templar  
  112  12:29  Zealot x5  
  122  12:30  Immortal, Zealot x3  
  130  12:54  Stalker x5  
  130  12:55  Stalker x3  
  146  13:04  Immortal  
  154  13:16  Zealot  
  154  13:18  Zealot x2  
  154  13:19  Dark Templar, Zealot x2  
  166  13:20  Zealot x2  
  166  13:22  Zealot x3  
  176  13:30  Zealot  
  176  13:31  Dark Templar  
  140  13:38  Archon  
Show
View Real Time Build Order
Export as new Build Order

MythiC Terran - Winner!

Build Orders: Liberator Opening, Reaper Expand, MMM Bio 

Get SALT Encoding   

  12  0:00  SCV  
  13  0:13  SCV  
  14  0:17  Supply Depot  
  14  0:25  SCV  
  15  0:39  SCV, Barracks  
  16  0:43  Refinery  
  16  0:51  SCV  
  17  1:03  SCV  
  18  1:15  SCV  
  19  1:28  Orbital Command, Reaper  
  20  1:40  Command Center  
  20  1:47  Refinery  
  20  1:53  SCV  
  21  1:57  Supply Depot  
  21  2:01  Barracks Reactor  
  21  2:05  SCV  
  22  2:17  SCV  
  22  2:20  Factory  
  24  2:30  SCV  
  23  2:39  Marine x2  
  23  2:42  SCV  
  26  2:52  Orbital Command  
  26  2:54  SCV  
  26  2:57  Marine x2  
  29  3:04  Factory Tech Lab, Starport  
  29  3:07  SCV  
  30  3:15  Marine x2  
  30  3:19  SCV  
  33  3:21  SCV  
  33  3:23  Cyclone  
  33  3:24  Liberator  
  37  3:31  SCV  
  37  3:33  SCV, Marine x2  
  44  3:43  SCV  
  44  3:45  Supply Depot, SCV  
  46  3:51  Supply Depot  
  46  4:06  Marine x2  
  46  4:07  Siege Tank, SCV x2  
  53  4:19  SCV  
  53  4:23  Supply Depot  
  54  4:24  Marine x2  
  54  4:27  SCV  
  54  4:28  Medivac, Command Center  
  54  4:31  SCV  
  60  4:33  Refinery  
  60  4:39  SCV  
  60  4:44  Marine  
  60  4:45  Siege Tank, Marine  
  66  4:47  SCV  
  66  4:48  Supply Depot  
  66  4:52  SCV  
  68  4:57  Supply Depot  
  68  5:00  Starport Reactor  
  68  5:02  SCV  
  68  5:05  Barracks x2  
  69  5:12  Supply Depot  
  69  5:15  SCV  
  70  5:24  SCV, Marine x2  
  73  5:32  Supply Depot, Siege Tank  
  76  5:43  Orbital Command  
  76  5:45  SCV  
  76  5:46  Marine x2  
  76  5:48  Refinery, Starport Reactor  
  76  5:49  Supply Depot  
  79  5:51  Engineering Bay  
  79  5:53  Engineering Bay, SCV  
  77  6:01  SCV  
  70  6:07  Marine x2  
  70  6:08  Barracks Tech Lab  
  70  6:10  SCV  
  72  6:23  Factory Reactor, Terran Infantry Armor Level 1, Terran Infantry Weapons Level 1  
  72  6:25  SCV  
  73  6:27  Barracks  
  73  6:28  Barracks  
  73  6:34  Medivac  
  73  6:35  Medivac  
  73  6:36  Marauder, Marine x4  
  73  6:37  SCV x2  
  86  6:41  Orbital Command  
  85  6:49  SCV  
  85  6:51  Stimpack  
  85  6:52  SCV  
  85  6:53  Marine  
  88  6:58  Marauder, Barracks, Marine x2  
  88  6:59  Barracks  
  92  7:01  SCV  
  92  7:02  Bunker, Refinery, Widow Mine x2  
  92  7:06  SCV  
  92  7:07  SCV  
  99  7:11  Marine x2  
  101  7:19  Marauder  
  101  7:21  Barracks Tech Lab x2  
  103  7:25  SCV x2  
  105  7:32  SCV  
  105  7:35  Supply Depot x2  
  106  7:37  SCV  
  106  7:38  Armory  
  106  7:42  Marauder x3, Combat Shields  
  113  7:44  Marine  
  113  7:45  Supply Depot  
  113  7:46  Barracks Reactor, Barracks Tech Lab  
  113  7:48  Marine  
  115  7:55  Medivac  
  115  7:56  Widow Mine x2, Medivac  
  115  7:57  SCV x2  
  115  7:58  SCV  
  126  8:03  Marauder  
  126  8:04  Supply Depot  
  126  8:05  Supply Depot  
  128  8:06  Supply Depot  
  128  8:07  Supply Depot, Marauder  
  128  8:09  Marauder  
  128  8:11  Marauder, Marine  
  135  8:13  Marine  
  135  8:14  Marine x2  
  138  8:25  Marine  
  138  8:26  Marauder, Widow Mine x2, Marine  
  142  8:28  Marine  
  142  8:29  Marine x2  
  142  8:31  Liberator  
  142  8:32  Liberator  
  142  8:33  Marine  
  142  8:34  Marine x2  
  154  8:38  Terran Infantry Weapons Level 2  
  154  8:44  Terran Infantry Armor Level 2  
  154  8:46  Marine x2  
  160  8:56  Supply Depot  
  160  8:57  Supply Depot  
  160  8:59  Marine  
  160  9:00  Marauder, Command Center  
  165  9:02  Marauder  
  165  9:04  Marine  
  165  9:05  Marine  
  165  9:06  Marine x2  
  170  9:10  Marauder  
  168  9:33  Marine x3  
  168  9:34  Marauder, Marine x3  
  172  9:39  Marauder  
  172  9:40  Marauder x2, Viking x2  
  182  9:46  Starport  
  182  9:52  Marine x2  
  182  9:53  Marine x4  
  188  10:00  Marine  
  188  10:02  Marauder  
  188  10:04  Supply Depot, Missile Turret  
  188  10:05  Supply Depot  
  189  10:11  Marauder x2, Marine x2  
  189  10:12  Marine x3  
  196  10:21  Ghost Academy  
  196  10:27  Viking x2  
  200  10:39  Refinery  
  200  10:47  Planetary Fortress  
  200  11:00  Terran Infantry Weapons Level 3  
  200  11:01  Terran Infantry Armor Level 3  
  200  11:03  Refinery  
  177  11:23  Marauder, Marine x2  
  146  11:25  Marine  
  146  11:26  Marauder, Marine  
  146  11:27  Marine x3  
  146  11:28  Marauder  
  146  11:29  Missile Turret  
  124  11:41  Marine x2  
  124  11:43  Marine x2  
  124  11:45  Marauder, Marine x2  
  124  11:46  Marauder  
  133  11:50  Marine  
  133  11:51  Marauder  
  133  11:53  Medivac x4  
  140  11:55  Missile Turret  
  140  11:59  SCV, Marine x2  
  134  12:06  SCV  
  133  12:11  SCV  
  134  12:19  SCV  
  132  12:31  SCV x2  
  134  12:46  Missile Turret  
  134  12:47  Marine  
  134  12:49  Marine  
  136  12:53  Marine  
  137  13:05  Marine  
  139  13:06  Marauder  
  133  13:17  Marine  
  133  13:18  Marauder  
  136  13:23  Marine  
Tags
 
Add a new tag
Caveats
  • Supply blocks, unpowered buildings, or Contaminate may cause inaccurate times.
  • Supply counts are checked every 10 seconds.